 Dungeon Crawl Stone Soup version 0.23.2-40-g277498a001 (webtiles) character file.

Game seed: 14273704867080006361

3760 MrTry the Carver (level 9, -2/79 HPs)
             Began as a Minotaur Fighter on Sept 6, 2019.
             Was a Priest of Ashenzari.
             Slain by a six-headed hydra (9 damage)
             ... on level 8 of the Dungeon.
             The game lasted 00:41:44 (7497 turns).

MrTry the Carver (Minotaur Fighter)                 Turns: 7497, Time: 00:41:45

Health: -2/79      AC: 11    Str: 23    XL:     9   Next: 94%
Magic:  8/8        EV: 10    Int:  5    God:    Ashenzari [***...]
Gold:   109        SH: 11    Dex: 11    Spells: 8/8 levels left

rFire    + + .     SeeInvis +   b - +3 scimitar
rCold    . . .     Gourm    .   c - +0 shield
rNeg     + . .     Faith    .   z - +0 ring mail {rF+}
rPois    .         Spirit   .   (helmet unavailable)
rElec    .         Reflect  .   (no cloak)
rCorr    .         Harm     .   s - +2 pair of gloves
MR       .....     Clarity  +   L - +0 pair of boots
Stlth    +.........             t - amulet of magic regeneration
HPRegen  0.23/turn              p - ring of protection from fire
MPRegen  0.36/turn              e - ring of positive energy

@: no status effects
A: retaliatory headbutt, horns 3, clarity
a: Curse Item, Scrying, Renounce Religion


You were on level 8 of the Dungeon.
You worshipped Ashenzari.
Ashenzari was most pleased with you.
You were not hungry.

You visited 1 branch of the dungeon, and saw 9 of its levels.

You collected 323 gold pieces.
You spent 214 gold pieces at shops.

Inventory:

Hand Weapons
 a - a +0 long sword
 b - a +3 scimitar (weapon)
 j - a +4 hunting sling
Missiles
 w - 2 poisoned tomahawks (quivered)
Armour
 c - a +0 shield (worn)
 s - a +2 pair of gloves (worn)
 u - a +0 chain mail
 z - a +0 ring mail of fire resistance (worn)
 L - a +0 pair of boots (worn)
Magical Staves
 y - an uncursed staff of summoning
Jewellery
 d - an uncursed ring of positive energy
 e - a ring of positive energy (right hand)
 k - an uncursed ring of protection from magic
 p - a ring of protection from fire (left hand)
 t - an amulet of magic regeneration (around neck)
 v - an uncursed ring of see invisible
Wands
 g - a wand of random effects (17)
 o - a wand of clouds (6)
 D - a wand of polymorph (5)
 J - a wand of flame (9)
 M - a wand of acid (7)
Scrolls
 h - 3 scrolls of remove curse
 l - 4 scrolls of teleportation
 m - 2 scrolls of noise
 r - 2 scrolls of immolation
 B - a scroll of fear {unknown}
 C - a scroll of summoning {unknown}
 G - a scroll of blinking {unknown}
 I - a scroll of random uselessness {unknown}
Potions
 i - a potion of magic {unknown}
 n - a potion of cancellation {unknown}
 q - a potion of haste {unknown}
 A - a potion of ambrosia {unknown}
 E - a potion of lignification {unknown}
 H - a potion of agility {unknown}
 K - a potion of heal wounds
 N - a potion of might
Comestibles
 f - 10 rations


   Skills:
 + Level 7.6 Fighting
 + Level 11.1 Long Blades
 + Level 1.5 Throwing
 + Level 7.8 Armour
 + Level 2.8 Dodging
 + Level 1.2 Stealth
 + Level 8.4 Shields
 + Level 0.4 Evocations


You had 8 spell levels left.
You didn't know any spells.
Your spell library contained the following spells:

 Spells                   Type           Power        Failure   Level  Hunger
 Corona                   Hex            #......      88%         1    ##.....
 Sting                    Conj/Pois      #...         88%         1    ##.....
 Ensorcelled Hibernation  Hex/Ice        #.....       95%         2    ###....
 Poisonous Vapours        Pois/Air       #.....       95%         2    ###....
 Confuse                  Hex            #.......     99%         3    ####...
 Dazzling Spray           Conj/Hex       #.....       99%         3    ####...
 Mephitic Cloud           Conj/Pois/Air  #.......     99%         3    ####...
 Tukima's Dance           Hex            #.......     99%         3    ####...
 Olgreb's Toxic Radiance  Pois           #.......     100%        4    #####..
 Venom Bolt               Conj/Pois      #.........   100%        5    ######.


Dungeon Overview and Level Annotations

Branches:
Dungeon (9/15)             Temple (0/1) D:6
   Lair: D:8-11         Orc: D:9-12

Altars:
Ashenzari
Cheibriados
Dithmenos
Fedhas
Gozag
Hepliaklqana
Ru
Vehumet
Yredelemnul
Zin

Shops:
D:7 *[


Innate Abilities, Weirdness & Mutations

You reflexively headbutt those who attack you in melee.
You have a pair of large horns on your head.
You possess an exceptional clarity of mind.


Message History

The six-headed hydra bites you.
The six-headed hydra bites you but does no damage.
The six-headed hydra barely misses you.
You block the six-headed hydra's attack.
The six-headed hydra bites you!
* * * LOW HITPOINT WARNING * * *
The six-headed hydra bites you!
* * * LOW HITPOINT WARNING * * *
You feel much better.
You block the six-headed hydra's attack.
The six-headed hydra bites you!
* * * LOW HITPOINT WARNING * * *
The six-headed hydra closely misses you. x2
The six-headed hydra bites you but does no damage.
The six-headed hydra bites you!
* * * LOW HITPOINT WARNING * * *
You barely miss the six-headed hydra.
The six-headed hydra is moderately wounded.
The six-headed hydra bites you!
You die...

#.# #.#.###########.#
#.####.#.### #.# .......#.#<#
#.############ .......#.#.#
#............#
.......#.#.#########..########.##
..####.#.#............#......#.#
..# #.#.############.#.####.#.#
..####.#.####.............##.#.#
............)...@.###.#.#.##.#.#
#.####..#######D..# #.#.#.##.#.#
..................# #.#.#....#)#
#..###..########..# #.#.####.#.#
.....#..# #..###.#.######.#
##.#.#..# #......#........#
...#.#..# ##.##############
##.#.#..# #.# #...#..# #.#


You could see a six-headed hydra.

Vanquished Creatures
  2 two-headed ogres
  A slime creature (D:9)
  A wyvern (D:8)
  Edmund (D:4)
  A hornet zombie (D:8)
  3 ogres
  Blork the orc (D:4)
  6 bullfrogs
  4 wights (D:7)
  3 howler monkeys
  5 crimson imps
  A hound (D:4)
  A jelly (D:7)
  2 orc priests
  3 iguanas
  3 orc wizards
  Terence (D:3)
  Natasha (thrice) (D:3)
  6 worker ants
  A killer bee zombie (D:8)
  Robin (D:3)
  3 gnolls (D:7)
  A howler monkey skeleton (D:4)
  8 adders
  A shadow imp (D:5)
  3 oozes
  An adder skeleton (D:4)
  3 worms
  3 dart slugs
  4 leopard geckos
  11 orcs
  A ball python (D:4)
  4 giant cockroaches
  4 hobgoblins (D:3)
  7 jackals
  A kobold (D:1)
  2 quokkas
  5 bats
  3 frilled lizards
  11 goblins
  A leopard gecko skeleton (D:6)
  4 rats
131 creatures vanquished.

Notes
Turn   | Place    | Note
-------+----------+-------------------------------------------
     0 | D:1      | MrTry the Minotaur Fighter began the quest for the Orb.
     0 | D:1      | Reached XP level 1. HP: 19/19 MP: 0/0
   333 | D:1      | Reached XP level 2. HP: 27/27 MP: 1/1
   861 | D:2      | Reached XP level 3. HP: 33/33 MP: 2/2
  1152 | D:3      | Reached skill level 3 in Long Blades
  1161 | D:3      | Found a basalt altar of Yredelemnul.
  1434 | D:3      | Identified the +1 helmet "Ypuguaz" {rF+}
  1434 | D:3      | Noticed Robin
  1442 | D:3      | Reached XP level 4. HP: 29/41 MP: 3/3
  1460 | D:3      | Killed Robin
  1462 | D:3      | HP: 2/41 [poisoned by a goblin]
  1598 | D:3      | Reached skill level 4 in Long Blades
  1723 | D:3      | Found a faded altar of an unknown god.
  1728 | D:3      | Became a worshipper of Ashenzari the Shackled
  1728 | D:3      | Reached * piety under Ashenzari
  1814 | D:3      | Noticed Natasha
  1821 | D:3      | Killed Natasha
  1821 | D:3      | Reached XP level 5. HP: 34/47 MP: 4/4
  1861 | D:3      | Noticed Terence
  1869 | D:3      | Killed Terence
  1874 | D:3      | Noticed Natasha
  1879 | D:3      | Killed Natasha
  1983 | D:3      | Noticed Natasha
  2000 | D:3      | Killed Natasha
  2000 | D:3      | Reached skill level 5 in Long Blades
  2111 | D:3      | Reached skill level 5 in Shields
  2369 | D:4      | Reached XP level 6. HP: 53/53 MP: 5/5
  2498 | D:4      | Noticed Edmund
  2513 | D:4      | Reached skill level 5 in Armour
  2520 | D:4      | Killed Edmund
  2691 | D:4      | Reached skill level 6 in Long Blades
  2705 | D:4      | Reached skill level 5 in Fighting
  2705 | D:4      | Reached XP level 7. HP: 47/61 MP: 6/6
  2876 | D:4      | Reached skill level 1 in Dodging
  2911 | D:4      | Noticed Blork the orc
  2922 | D:4      | Killed Blork the orc
  3342 | D:5      | Entered Level 5 of the Dungeon
  3604 | D:5      | Reached skill level 7 in Long Blades
  3640 | D:5      | Reached ** piety under Ashenzari
  3774 | D:5      | Found a radiant altar of Vehumet.
  4014 | D:6      | Found a staircase to the Ecumenical Temple.
  4313 | D:6      | Reached XP level 8. HP: 57/68 MP: 7/7
  4314 | D:6      | Gained mutation: You possess an exceptional clarity of
                  | mind. [potion of mutation]
  4314 | D:6      | Gained mutation: You have a pair of large horns on your
                  | head. [potion of mutation]
  4453 | D:6      | Reached skill level 1 in Throwing
  4472 | D:6      | Reached skill level 8 in Long Blades
  4548 | D:6      | Found a blossoming altar of Fedhas.
  4560 | D:6      | Found a hazy altar of Hepliaklqana.
  4561 | D:6      | Found a sacrificial altar of Ru.
  4561 | D:6      | Found a snail-covered altar of Cheibriados.
  4561 | D:6      | Found an opulent altar of Gozag.
  4561 | D:6      | Found a basalt altar of Yredelemnul.
  4563 | D:6      | Found a glowing silver altar of Zin.
  4566 | D:6      | Found a shadowy altar of Dithmenos.
  5381 | D:7      | Found Ucseg's General Store.
  5398 | D:7      | Bought a wand of polymorph (5) for 70 gold pieces
  5748 | D:7      | Reached *** piety under Ashenzari
  5872 | D:7      | Found Qijeavel's Antique Armour Boutique.
  5875 | D:7      | Bought a pair of boots for 144 gold pieces
  6455 | D:8      | Reached skill level 9 in Long Blades
  6640 | D:8      | Reached XP level 9. HP: 71/75 MP: 8/8
  6753 | D:8      | Noticed a two-headed ogre
  6761 | D:8      | Killed a two-headed ogre
  6761 | D:8      | Reached skill level 10 in Long Blades
  6761 | D:8      | Reached skill level 1 in Stealth
  7449 | D:9      | Noticed a two-headed ogre
  7464 | D:9      | Killed a two-headed ogre
  7464 | D:9      | Reached skill level 11 in Long Blades
  7472 | D:9      | Noticed a five-headed hydra
  7473 | D:9      | Noticed a kobold demonologist
  7497 | D:8      | Slain by a six-headed hydra

Skill      XL: |  1  2  3  4  5  6  7  8  9 |
---------------+----------------------------+-----
Armour         | 4 5 6 7 |  7.8
Fighting       | 4 5 6 7 |  7.6
Shields        | 4 5 6 7 8 |  8.4
Long Blades    | 3 4 5 6 7 9 11 | 11.1
Dodging        | 1 2 |  2.8
Throwing       | 1 |  1.5
Stealth        | 1 |  1.2
Evocations     | |  0.4

Action                   |  1- 3 |  4- 6 |  7- 9 || total
-------------------------+-------+-------+-------++-------
Melee: Long sword        |    78 |   129 |   165 ||   372
       Headbutt          |    11 |    23 |    51 ||    85
       Scimitar          |       |       |    64 ||    64
Throw: Tomahawk          |       |     2 |     7 ||     9
Evoke: Wand              |       |       |     3 ||     3
  Use: Scroll            |     8 |     1 |     2 ||    11
       Potion            |       |     5 |     5 ||    10
  Eat: Chunk             |     2 |       |     1 ||     3
       Ration            |       |     1 |     5 ||     6
Armor: Scale mail        |    31 |       |       ||    31
       Chain mail        |    13 |    61 |    22 ||    96
       Ring mail         |       |       |    46 ||    46
Dodge: Dodged            |    26 |    24 |    71 ||   121
Block: Shield            |    36 |    73 |   111 ||   220
       Rpst.: Long sword |     8 |     6 |    16 ||    30
       Scimitar          |       |       |     9 ||     9
